Map: Blackburn LE

Players

Gerald - Winner!

  • Race: Protoss Protoss

Bly

  • Race: Zerg Zerg

Event: DreamHack SC2 Masters 2021 Fall

VOD

Have the link to the VOD?

Description

Time

  • Played on: Aug. 5, 2021, 11:49 a.m.
  • Length: 11:25

All games in this series

Show
View Real Time Build Order
Export as new Build Order

Gerald Protoss - Winner!

Build Orders: 1 Gate Expand, Oracle Opening 

Get SALT Encoding   

  12  0:00  Probe  
  13  0:12  Probe  
  14  0:20  Pylon  
  14  0:25  Probe  
  15  0:38  Probe (Chrono Boost)  
  16  0:43  Gateway  
  16  0:49  Probe (Chrono Boost)  
  17  0:54  Assimilator, Probe (Chrono Boost)  
  18  1:05  Probe  
  19  1:21  Probe  
  20  1:28  Nexus  
  20  1:39  Cybernetics Core  
  20  1:41  Probe  
  20  1:47  Assimilator  
  21  1:53  Probe  
  22  1:57  Pylon  
  22  2:06  Probe  
  23  2:12  Adept (Chrono Boost)  
  23  2:18  Probe  
  26  2:26  Stargate  
  26  2:30  Probe  
  26  2:32  Adept (Chrono Boost)  
  29  2:38  Warp Gate  
  29  2:41  Probe  
  29  2:42  Probe  
  31  2:51  Gateway  
  31  2:55  Adept  
  31  2:58  Probe  
  34  3:00  Probe  
  35  3:07  Oracle (Chrono Boost)  
  38  3:19  Probe  
  37  3:20  Probe  
  37  3:24  Pylon  
  40  3:31  Probe  
  40  3:32  Probe  
  40  3:34  Gateway  
  40  3:35  Adept  
  40  3:40  Oracle (Chrono Boost)  
  42  3:43  Probe  
  42  3:46  Probe  
  47  3:55  Probe  
  48  3:58  Probe  
  49  4:07  Probe  
  49  4:09  Pylon  
  50  4:10  Probe  
  50  4:12  Oracle  
  54  4:23  Nexus  
  54  4:27  Probe x2  
  54  4:29  Stalker  
  58  4:39  Probe x2  
  60  4:46  Assimilator  
  60  4:48  Pylon  
  60  4:51  Probe  
  61  4:52  Forge  
  61  4:55  Probe  
  61  4:57  Pylon  
  62  5:01  Assimilator  
  62  5:06  Probe  
  63  5:07  Adept x2, Probe (Chrono Boost)  
  63  5:08  Adept  
  70  5:18  Probe (Chrono Boost)  
  70  5:20  Probe (Chrono Boost)  
  72  5:25  Twilight Council, Protoss Ground Weapons Level 1  
  72  5:27  Probe (Chrono Boost)  
  74  5:28  Probe (Chrono Boost)  
  74  5:32  Probe (Chrono Boost)  
  74  5:33  Adept  
  74  5:34  Adept  
  77  5:35  Probe  
  76  5:45  Probe x2  
  76  5:47  Probe  
  79  5:57  Probe  
  79  6:02  Probe  
  79  6:06  Blink (Chrono Boost)  
  77  6:16  Probe (Chrono Boost)  
  66  6:20  Probe x2 (Chrono Boost)  
  66  6:25  Stalker x3  
  72  6:28  Shield Battery, Probe (Chrono Boost)  
  72  6:29  Probe (Chrono Boost)  
  72  6:30  Probe (Chrono Boost)  
  72  6:31  Robotics Facility  
  72  6:32  Probe (Chrono Boost)  
  75  6:34  Probe (Chrono Boost)  
  75  6:35  Pylon  
  75  6:36  Assimilator  
  75  6:37  Probe  
  75  6:38  Gateway x2  
  78  6:40  Assimilator  
  78  6:43  Probe  
  78  6:46  Probe  
  76  6:49  Probe  
  76  6:51  Pylon, Sentry x2, Stalker, Gateway  
  83  6:54  Gateway  
  83  6:57  Gateway  
  83  7:00  Probe x2  
  86  7:16  Warp Prism (Chrono Boost)  
  86  7:17  Stalker  
  86  7:18  Stalker x2  
  93  7:25  Nexus  
  93  7:27  Pylon  
  93  7:33  Stalker x2  
  93  7:35  Probe x2  
  99  7:38  Robotics Bay  
  99  7:41  Stalker  
  99  7:42  Stalker x2  
  105  7:52  Probe  
  105  7:54  Stalker  
  105  7:55  Photon Cannon, Stalker x2  
  105  7:58  Protoss Ground Weapons Level 2 (Chrono Boost)  
  112  8:01  Probe  
  112  8:05  Stalker x2  
  115  8:11  Pylon  
  117  8:13  Pylon  
  117  8:21  Probe  
  117  8:24  Pylon  
  117  8:29  Probe  
  117  8:30  Disruptor (Chrono Boost), Probe  
  117  8:31  Pylon  
  117  8:33  Robotics Facility, Probe  
  123  8:40  Stalker x5  
  132  8:41  Probe  
  132  8:42  Probe  
  133  8:49  Stalker x2  
  133  8:50  Stalker  
  133  8:53  Probe  
  140  9:06  Disruptor (Chrono Boost)  
  140  9:07  Stalker  
  140  9:08  Stalker x3  
  150  9:11  Probe  
  150  9:12  Probe  
  150  9:15  Photon Cannon  
  155  9:29  Disruptor (Chrono Boost)  
  155  9:34  Disruptor (Chrono Boost)  
  158  9:42  Stalker x6  
  158  9:43  Stalker x2, Probe  
  160  9:53  Probe x3  
  163  10:04  Pylon  
  163  10:05  Disruptor  
  163  10:09  Disruptor  
  148  10:18  Stalker x5  
  154  10:27  Probe  
  151  10:29  Stalker x3  
  157  10:35  Probe x2  
  157  10:36  Photon Cannon, Probe  
  160  10:43  Stalker x2  
  160  10:44  Stalker x3  
  170  11:03  Probe x2  
  172  11:06  Assimilator  
  172  11:07  Assimilator  
  172  11:09  Pylon  
Show
View Real Time Build Order
Export as new Build Order

Bly Zerg 

Build Orders: Hatch First 

Get SALT Encoding   

  12  0:00  Drone  
  13  0:13  Overlord  
  13  0:19  Drone  
  14  0:32  Drone x2  
  16  0:47  Drone  
  17  0:52  Hatchery  
  17  0:55  Drone  
  17  0:58  Drone  
  18  1:10  Extractor  
  17  1:13  Spawning Pool  
  17  1:17  Drone  
  17  1:20  Drone  
  18  1:30  Drone  
  19  1:41  Drone  
  20  1:50  Overlord  
  20  2:00  Queen  
  22  2:03  Queen  
  22  2:04  Zergling x4  
  26  2:13  Drone  
  26  2:14  Drone  
  28  2:17  Metabolic Boost  
  28  2:25  Drone x2  
  30  2:38  Hatchery  
  29  2:46  Drone x2  
  29  2:49  Queen  
  33  2:55  Overlord  
  33  3:02  Drone  
  33  3:05  Drone x2  
  33  3:20  Drone x8  
  41  3:28  Drone  
  42  3:38  Spore Crawler  
  42  3:39  Overlord  
  41  3:41  Drone x2  
  43  3:50  Spore Crawler  
  40  4:07  Drone x4  
  40  4:08  Drone x3  
  46  4:14  Drone x3  
  46  4:15  Drone x3  
  52  4:19  Queen x2  
  52  4:23  Overlord x2  
  56  4:29  Spore Crawler  
  51  4:42  Drone x3  
  51  4:43  Zergling x8  
  58  4:51  Zergling x10  
  63  4:52  Roach Warren  
  63  4:55  Lair  
  63  4:56  Drone  
  63  5:03  Drone x3  
  66  5:07  Overlord  
  66  5:12  Overlord  
  66  5:21  Overlord  
  66  5:25  Overlord  
  66  5:30  Hatchery  
  65  5:40  Drone x11  
  75  5:53  Drone  
  73  6:01  Drone x8  
  80  6:11  Drone x6, Glial Reconstitution  
  82  6:18  Drone  
  75  6:22  Drone x2  
  75  6:24  Extractor  
  75  6:26  Extractor x3  
  75  6:27  Extractor  
  75  6:29  Drone x2  
  75  6:30  Drone x4  
  75  6:31  Evolution Chamber  
  76  6:35  Drone x4  
  80  6:43  Overlord x2  
  79  6:47  Spire  
  79  6:51  Drone x5  
  79  6:54  Drone  
  84  6:58  Spore Crawler  
  84  6:59  Drone x5  
  86  7:14  Overlord  
  86  7:17  Roach x8  
  101  7:31  Zerg Melee Weapons Level 1  
  101  7:34  Drone x8  
  101  7:35  Hatchery  
  107  7:48  Zergling x20  
  117  8:00  Zergling x12  
  117  8:01  Zergling x4  
  117  8:03  Ravager x8  
  128  8:10  Overlord x3  
  128  8:12  Overlord  
  128  8:16  Zerg Flyer Weapons Level 1, Overlord x2  
  128  8:18  Baneling Nest, Overlord  
  127  8:20  Overlord  
  125  8:29  Overseer  
  125  8:31  Zergling x2  
  125  8:32  Zergling x22  
  132  8:52  Zergling x26  
  142  8:58  Extractor, Drone x3  
  142  8:59  Extractor  
  133  9:10  Centrifical Hooks  
  133  9:17  Infestation Pit  
  133  9:18  Baneling x7  
  133  9:21  Overseer  
  132  9:24  Zergling x6  
  132  9:25  Zergling x28  
  149  9:32  Drone x6  
  123  9:46  Roach x7  
  123  9:52  Baneling x20  
  128  9:53  Roach x6  
  128  9:57  Baneling  
  135  10:00  Baneling x2  
  135  10:01  Roach  
  136  10:13  Roach x5  
  136  10:14  Roach x3  
  115  10:27  Roach x8  
  88  10:35  Ravager  
  88  10:37  Ravager x6  
  93  10:42  Roach  
  93  10:43  Zergling x2, Roach  
  93  10:44  Zergling x4  
  92  10:52  Zergling x8  
  94  11:03  Ravager x3  

Tags
 
Add a new tag
Caveats
  • Supply blocks, unpowered buildings, or Contaminate may cause inaccurate times.
  • Supply counts are checked every 10 seconds.